Map: Traitor's Exile

Players

Loy

  • Race: Protoss Protoss
  • Spawn Location: 9:00

Ambassador

  • Race: Terran Terran
  • Spawn Location: 12:00

viper - Winner!

  • Race: Protoss Protoss
  • Spawn Location: 6:00

PureLegacy - Winner!

  • Race: Terran Terran
  • Spawn Location: 5:00

VOD

Have the link to the VOD?

Description

Time

  • Played on: Dec. 5, 2018, 7:33 p.m.
  • Length: 8:57
Show
View Real Time Build Order
Export as new Build Order

Loy Protoss 

Build Orders:  

Get SALT Encoding   

  12  0:02  Probe  
  13  0:14  Probe  
  14  0:25  Pylon  
  14  0:37  Probe  
  15  0:48  Gateway  
  15  0:52  Probe  
  15  0:54  Assimilator  
  16  1:10  Gateway  
  16  1:15  Probe  
  17  1:23  Probe  
  18  1:32  Probe  
  18  1:33  Pylon  
  18  1:35  Cybernetics Core  
  19  1:45  Probe  
  20  1:50  Gateway  
  20  2:00  Gateway  
  20  2:15  Adept x2  
  24  2:18  Warp Gate  
  24  2:37  Adept  
  24  2:38  Adept  
  24  2:42  Pylon  
  26  2:45  Adept  
  29  2:55  Adept  
  31  3:02  Adept  
  33  3:07  Adept  
  34  4:13  Shield Battery  
  34  4:16  Forge  
  34  4:42  Nexus  
  34  4:53  Nexus  
  24  5:19  Photon Cannon  
  24  5:20  Photon Cannon  
  24  5:22  Photon Cannon  
  24  5:25  Photon Cannon  
  24  5:28  Sentry  
  26  5:49  Adept x2  
  22  6:07  Stalker x2  
  25  6:43  Robotics Facility  
  25  7:01  Stalker x4  
  31  7:21  Pylon  
  31  7:22  Probe x2  
  34  7:23  Assimilator  
  34  7:27  Observer  
  34  7:32  Adept x2  
  34  7:36  Adept  
  34  7:37  Adept  
  42  7:46  Probe x2  
  44  7:55  Stalker x3  
  50  8:00  Sentry  
  48  8:30  Adept  
  48  8:31  Adept x3  
  38  8:52  Adept x2  
Show
View Real Time Build Order
Export as new Build Order

Ambassador Terran 

Build Orders: Reaper Expand 

Get SALT Encoding   

  12  0:02  SCV  
  13  0:14  SCV  
  13  0:19  Supply Depot  
  14  0:27  SCV  
  15  0:41  SCV  
  16  0:42  Barracks  
  16  0:50  Refinery  
  16  0:53  SCV  
  17  1:05  SCV  
  18  1:17  SCV  
  19  1:30  Orbital Command  
  19  1:33  Reaper  
  20  1:44  Command Center  
  20  1:55  Supply Depot  
  20  1:56  SCV  
  20  2:01  Refinery  
  21  2:08  SCV  
  21  2:10  Barracks Reactor  
  22  2:21  SCV  
  23  2:28  Factory  
  22  2:47  Marine  
  22  2:48  Marine  
  24  2:56  Orbital Command  
  24  2:59  SCV  
  25  3:05  Marine x2  
  25  3:11  Hellion  
  29  3:14  Starport, SCV  
  29  3:17  Barracks  
  25  3:30  Marine x2  
  18  3:48  Marine x2  
  19  3:55  Hellion  
  22  3:58  SCV  
  22  4:00  SCV  
  24  4:06  Marine  
  25  4:10  SCV  
  25  4:12  SCV  
  26  4:23  SCV  
  26  4:24  SCV  
  26  4:30  Factory Tech Lab  
  26  4:33  Starport Reactor  
  26  4:35  SCV  
  26  4:36  SCV  
  28  4:47  SCV  
  28  4:51  Marine x2  
  28  4:52  Siege Tank  
  34  4:53  SCV  
  34  4:59  SCV  
  36  5:01  Supply Depot  
  36  5:05  SCV  
  37  5:09  Marine  
  36  5:34  SCV x2  
  36  5:35  Engineering Bay  
  35  5:39  Marine x3  
  30  5:46  SCV x2  
  32  5:58  SCV  
  32  6:01  Missile Turret  
  32  6:04  SCV  
  34  6:07  Missile Turret x2  
  34  6:10  SCV  
  35  6:13  Marine x2  
  35  6:16  SCV  
  38  6:24  SCV  
  38  6:28  SCV  
  38  6:31  Missile Turret  
  39  6:36  Missile Turret, SCV  
Show
View Real Time Build Order
Export as new Build Order

viper Protoss - Winner!

Build Orders: Dark Templar Rush 

Get SALT Encoding   

  12  0:00  Probe  
  13  0:08  Probe  
  14  0:25  Pylon  
  14  0:26  Probe  
  15  0:43  Probe  
  16  0:54  Gateway  
  16  0:55  Probe  
  17  0:57  Assimilator  
  17  1:05  Assimilator  
  17  1:07  Probe  
  18  1:20  Probe  
  19  1:28  Probe  
  20  1:36  Probe  
  20  1:42  Cybernetics Core  
  20  1:44  Zealot  
  23  1:50  Pylon  
  23  1:57  Pylon  
  23  2:08  Probe  
  24  2:16  Stalker  
  24  2:19  Twilight Council  
  24  2:20  Probe  
  27  2:32  Probe  
  26  2:54  Probe  
  27  2:59  Dark Shrine  
  27  3:17  Gateway  
  27  3:19  Gateway  
  27  3:23  Pylon  
  27  3:26  Pylon  
  27  3:31  Robotics Facility  
  27  4:05  Dark Templar  
  27  4:12  Dark Templar x2  
  33  4:19  Warp Prism  
  35  4:41  Dark Templar  
  33  4:51  Dark Templar  
  34  4:55  Probe  
  19  5:03  Probe  
  17  5:11  Probe  
  17  5:12  Dark Templar  
  19  5:19  Probe  
  20  5:27  Probe  
  22  5:39  Probe  
  21  5:51  Probe  
  22  6:10  Probe  
  20  6:18  Probe  
  22  6:27  Probe  
  23  6:39  Probe  
  24  6:52  Probe  
  23  7:12  Probe  
  23  7:15  Dark Templar x3  
  29  7:20  Probe  
  31  7:30  Probe  
  32  7:42  Probe  
  33  8:10  Stalker x2  
  35  8:18  Stalker, Nexus  
Show
View Real Time Build Order
Export as new Build Order

PureLegacy Terran - Winner!

Build Orders:  

Get SALT Encoding   

  12  0:02  SCV  
  13  0:14  SCV  
  13  0:18  Supply Depot  
  14  0:26  SCV  
  15  0:31  Refinery  
  15  0:39  SCV  
  16  0:46  Barracks  
  16  0:52  SCV  
  17  1:04  Barracks  
  17  1:16  Barracks  
  17  1:21  SCV  
  18  1:33  Reaper  
  18  1:39  Orbital Command  
  19  1:46  Refinery  
  20  1:54  Reaper  
  20  2:01  Supply Depot  
  20  2:05  Reaper  
  21  2:11  Reaper  
  21  2:13  SCV  
  23  2:26  Reaper  
  23  2:29  Supply Depot, SCV  
  25  2:37  Reaper  
  26  2:45  Reaper  
  27  2:56  SCV  
  28  2:58  Reaper  
  29  3:11  Command Center  
  29  3:13  SCV  
  30  3:44  Barracks Reactor  
  30  3:45  Barracks Reactor  
  30  3:46  Barracks Tech Lab  
  26  3:49  SCV  
  26  3:51  Factory  
  26  4:00  Engineering Bay  
  26  4:01  SCV  
  27  4:06  Marine, Stimpack  
  28  4:13  SCV  
  29  4:23  Marine x4  
  30  4:24  Marine  
  30  4:25  Orbital Command  
  31  4:35  Terran Infantry Weapons Level 1  
  31  4:36  SCV  
  32  4:42  Marine  
  32  4:43  Factory Reactor, Starport  
  33  4:50  Marine x2  
  33  4:51  Marine x2  
  37  5:03  Marine  
  37  5:04  SCV x2  
  40  5:07  Supply Depot  
  40  5:08  Marine x2  
  40  5:09  Marine  
  40  5:11  Marine  
  43  5:22  SCV  
  43  5:33  Medivac x2  
  44  5:36  Marine x5  
  44  5:38  SCV x2  
  50  5:50  SCV x2  
  50  5:54  Marine x5  
  57  5:59  Supply Depot  
  57  6:07  Combat Shield  
  57  6:09  SCV x2  
  59  6:12  Factory Tech Lab  
  59  6:16  Marine x3  
  62  6:20  Marine x2  
  62  6:21  SCV x2  
  62  6:22  Supply Depot  
  66  6:32  Barracks  
  66  6:33  Barracks  
  66  6:39  Siege Tank  
  69  6:44  Terran Infantry Armor Level 1, Supply Depot  
  69  6:46  SCV  
  70  6:53  Marine  
  69  6:55  Marine x3  
  69  6:56  Marine  
  69  6:57  SCV  
  69  6:58  SCV  
  75  7:11  Marine  
  75  7:13  Marine x4  
  80  7:15  Medivac x2  
  80  7:18  Supply Depot  
  80  7:20  Supply Depot  
  80  7:21  Barracks Reactor x2  
  84  7:28  SCV x2  
  86  7:30  Refinery x2  
  86  7:39  Marine x5  
  86  7:42  Siege Tank  
  86  7:43  SCV x2  
  96  7:46  Supply Depot  
  96  7:55  SCV x2  
  98  8:00  Marine  
  98  8:01  Marine x3  
  102  8:07  Marine x4  
  106  8:13  Marine  
  106  8:18  Siege Tank  
Tags
 
Add a new tag
Caveats
  • Supply blocks, unpowered buildings, or Contaminate may cause inaccurate times.
  • Supply counts are checked every 10 seconds.